 Dungeon Crawl Stone Soup version 0.29-a0-648-g6b26cc9 (webtiles) character file.

Game seed: 623059360513862790

50 Dawnplanks the Covered (level 3, -1/30 HPs)
             Began as a Barachi Fighter on June 20, 2022.
             Slain by Terence
             ... wielding a +0 falchion
              (3 damage)
             ... on level 2 of the Dungeon.
             The game lasted 00:02:05 (1297 turns).

Dawnplanks the Covered (Barachi Fighter)            Turns: 1297, Time: 00:02:06

Health: -1/30      AC: 10    Str: 17    XL:     3   Next: 79%
Magic:  3/3        EV:  9    Int: 11    God:
Gold:   60         SH:  5    Dex: 13    Spells: 2/2 levels left

rFire   . . .      SeeInvis .   a - +0 long sword
rCold   . . .      Faith    .   c - +0 buckler
rNeg    . . .      Spirit   .   b - +0 scale mail
rPois   .          Reflect  .   h - +2 helmet {Int+3}
rElec   .          Harm     .   (no cloak)
rCorr   .          Rampage  .   (no gloves)
Will    .....                   (no boots)
Stlth   ..........              (no amulet)
HPRegen 0.10/turn               (no ring)
MPRegen 0.08/turn               (no ring)

@: unable to hop, slow
A: amphibious, slowness 1, strong legs 1, +LOS
a: Hop


You were on level 2 of the Dungeon.
You visited 1 branch of the dungeon, and saw 2 of its levels.

You collected 60 gold pieces.

Inventory:

Hand Weapons
 a - a +0 long sword (weapon)
Armour
 b - a +0 scale mail (worn)
 c - a +0 buckler (worn)
 h - a +2 helmet of intelligence (worn)
Scrolls
 e - a scroll of fear {unknown}
 f - 2 scrolls of poison {unknown}
 g - a scroll of brand weapon {unknown}
 i - a scroll of noise {unknown}
Potions
 d - a potion of might


   Skills:
 + Level 4.1 Fighting
 * Level 3.5 Long Blades
 + Level 4.1 Armour
 + Level 0.3 Dodging
 + Level 3.6 Shields


You had 2 spell levels left.
You didn't know any spells.
Your spell library was empty.

Dungeon Overview and Level Annotations

Branches:
Dungeon (2/15)

Altars:

Shops:
D:1 [

Annotations:
D:2 Terence


Innate Abilities, Weirdness & Mutations

You are amphibious.
You cover ground slowly.
You can hop short distances.
You have an extended range of vision and can be seen from far away.


Message History

The kobold barely misses you.
You hit Terence.
Terence is severely wounded.
The kobold hits you but does no damage. Terence hits you with a +0 falchion.
You closely miss Terence.
Terence is severely wounded.
The kobold barely misses you. You block Terence's attack.
You hit Terence but do no damage.
Terence is severely wounded.
The kobold hits you but does no damage. You block Terence's attack.
You hit Terence.
Terence is severely wounded.
Terence hits you with a +0 falchion.
* * * LOW HITPOINT WARNING * * *
The kobold hits you but does no damage. Terence barely misses you.
The kobold barely misses you.
You hit Terence but do no damage.
Terence is severely wounded.
You block the kobold's attack. Terence barely misses you.
You hit Terence.
Terence is severely wounded.
The kobold hits you but does no damage. Terence completely misses you.
You hit Terence but do no damage.
Terence is severely wounded.
The kobold hits you but does no damage. Terence barely misses you.
Terence closely misses you. The kobold closely misses you.
You closely miss Terence.
Terence is severely wounded.
The kobold closely misses you. Terence closely misses you.
You barely miss Terence.
Terence is severely wounded.
You block the kobold's attack. Terence hits you with a +0 falchion.
* * * LOW HITPOINT WARNING * * *
Hop to where?
Press: ? - help, Dir - move target Boing!
Terence says, "Don't bother to defend, it's useless."
Unknown command.
Terence attacks as you move away! Terence hits you with a +0 falchion.
You die...

..#.##.# .# ........
.. # #......... .##
.# .=......... ..##.#
..........# .....
#..#.#..... ....
.≈♣≈≈≈....# ..#
.≈.≈≈≈≈..K##<.##.#.#
≈≈♣≈..≈...@@........
...≈................
♣.≈.≈##.°.#.###<....
≈.≈≈≈.........#.....
.≈..≈≈........... ..
.≈.≈≈.###.##.....#.♣♣
≈≈≈≈.####.##.......≈P
♣≈≈≈≈≈≈.............≈
....#####.#......#.P


You could see Terence and a kobold.

Vanquished Creatures
  Robin (D:2)
  3 bats (D:1)
  3 endoplasms (D:1)
  A giant cockroach (D:1)
  8 hobgoblins (D:1)
  A kobold (D:1)
  5 ball pythons
  2 frilled lizards (D:1)
  9 goblins
  3 rats (D:1)
36 creatures vanquished.

Notes
Turn   | Place    | Note
-------+----------+-------------------------------------------
     0 | D:1      | Dawnplanks the Barachi Fighter began the quest for the Orb.
     0 | D:1      | Reached XP level 1. HP: 18/18 MP: 1/1
    79 | D:1      | Reached XP level 2. HP: 11/25 MP: 2/2
   670 | D:1      | Reached XP level 3. HP: 30/30 MP: 3/3
   866 | D:1      | Found Edaiwk's Armour Shoppe.
  1059 | D:2      | Noticed Robin
  1227 | D:2      | Killed Robin
  1270 | D:2      | Noticed Terence
  1294 | D:2      | HP: 1/30 [Terence/+0 falchion (6)]
  1297 | D:2      | Slain by Terence

Illustrated notes

Levels and vault maps discovered:
D:1:      shiori_shiawase, layout_basic, serial_shops, nicolae_shop_behind_doors
D:2:      layout_basic, serial_rivers, chequers_serial_rivers_room_a,
          chequers_serial_rivers_large_b, chequers_serial_rivers_micro_c,
          chequers_serial_rivers_marsh, chequers_serial_rivers_micro_c,
          serial_bayou_crossing, uniq_robin, uniq_terence

Skill      XL: |  1  2  3 |
---------------+----------+-----
Fighting       | 4 |  4.1
Armour         | 4 |  4.1
Long Blades    | 3 |  3.5
Dodging        | |  0.3
Shields        | |  3.6

Action                   || total
-------------------------++-------
Melee: Long sword        ||   120
 Abil: Hop               ||     1
Armor: Scale mail        ||    95
Dodge: Dodged            ||    82
Block: Buckler           ||    32

Table legend: (Time is in decaauts)
 A = Elapsed time spent in this place.
 B = Non-inter-level travel time spent in this place.
 C = Inter-level travel time spent in this place.
 D = Time resting spent in this place.
 E = Time spent auto-exploring this place.
 F = Levels seen in this place.
 G = Mean time per level.
                   A        B        C        D        E       F      G
               +--------+--------+--------+--------+--------+-----+--------+
         Total |   1470 |   1450 |     20 |    126 |   1021 |   2 |  735.0 |
       Dungeon |   1470 |   1450 |     20 |    126 |   1021 |   2 |  735.0 |
               +--------+--------+--------+--------+--------+-----+--------+

Top non-repeatable levels by time:
     D:1: 1376 daAuts
     D:2: 93 daAuts
